 Dungeon Crawl Stone Soup version 0.22.0-49-gab54619674 (webtiles) character file.

112 RealIsaac the Covered (level 4, -5/41 HPs)
             Began as a Minotaur Fighter on Sept 6, 2018.
             Killed by nerve-wracking pain
             ... invoked by Grinder
              (10 damage)
             ... on level 3 of the Dungeon.
             The game lasted 00:06:23 (1801 turns).

RealIsaac the Covered (Minotaur Fighter)            Turns: 1801, Time: 00:06:23

Health: -5/41      AC:  7    Str: 27    XL:     4   Next: 63%
Magic:  3/3        EV:  8    Int:  5    God:
Gold:   78         SH: 10    Dex:  9    Spells: 3/3 levels left

rFire    . . .     SeeInvis .   a - +0 war axe
rCold    . . .     Gourm    .   c - +0 shield
rNeg     . . .     Faith    .   b - +0 scale mail
rPois    .         Spirit   .   (helmet restricted)
rElec    .         Reflect  .   (no cloak)
rCorr    .         Harm     .   (no gloves)
MR       .....                  (no boots)
Stlth    ..........             (no amulet)
HPRegen  0.13/turn              (no ring)
MPRegen  0.08/turn              (no ring)

@: mighty
A: retaliatory headbutt, horns 2
a: no special abilities


You were on level 3 of the Dungeon.
You were not hungry.

You visited 1 branch of the dungeon, and saw 3 of its levels.

You collected 78 gold pieces.

Inventory:

Hand Weapons
 a - a +0 war axe (weapon)
 l - a +2 mace of protection
Missiles
 i - 5 needles of confusion
Armour
 b - a +0 scale mail (worn)
 c - a +0 shield (worn)
 j - a +0 pair of gloves
Jewellery
 r - an uncursed ring of resist corrosion {unknown}
Scrolls
 h - 2 scrolls of identify {unknown}
 k - 2 scrolls of teleportation
Potions
 e - 2 potions of haste {unknown}
 g - a potion of degeneration {unknown}
 m - a potion of resistance {unknown}
 n - a potion of magic {unknown}
 o - a potion of curing {unknown}
 q - a potion of brilliance {unknown}
Comestibles
 f - 3 rations
 p - 5 chunks of flesh


   Skills:
 + Level 4.4 Fighting
 + Level 3.4 Axes
 + Level 4.5 Armour
 + Level 0.9 Dodging
 + Level 4.5 Shields


You had 3 spell levels left.
You didn't know any spells.
Your spell library was empty.

Dungeon Overview and Level Annotations

Branches:
Dungeon (3/15)

Altars:
Okawaru
The Shining One

Annotations:
D:3 Grinder


Innate Abilities, Weirdness & Mutations

You reflexively headbutt those who attack you in melee.
You have a pair of horns on your head.


Message History

Grinder is lightly wounded.
You block Grinder's attack.
You hit Grinder.
Grinder is moderately wounded.
Grinder hits you!
You writhe in agony.
You block Grinder's attack.
You are too injured to fight recklessly!
You are too injured to fight recklessly!
You are too injured to fight recklessly!
You feel very mighty all of a sudden. Grinder hits you!
* * * LOW HITPOINT WARNING * * *
You slash Grinder!
Grinder is severely wounded.
Grinder hits you but does no damage.
You slash Grinder! Your headbutt misses Grinder.
Grinder is almost dead.
Grinder hits you but does no damage. Grinder gestures at you.
Pain shoots through your body!
You die...

........#..........#
#.#.######.........##
....# #...........
##### ####..###### #
#..# .. #
#...##.##### #
#..#.#...... #
##...5..##.. #
###@....... #
#..../### # #†.#..# #
#...#...# # #.#.# #.#
# #.#.# .# # #.#.# #
# #.#.# # .(.


You could see Grinder.

Vanquished Creatures
  6 adders
  4 dart slugs
  3 leopard geckos
  A giant cockroach (D:3)
  6 goblins
  4 hobgoblins
  5 jackals
  A ball python (D:1)
  3 bats
  5 frilled lizards
  9 kobolds
  2 rats
49 creatures vanquished.

Notes
Turn   | Place    | Note
-------+----------+-------------------------------------------
     0 | D:1      | RealIsaac the Minotaur Fighter began the quest for the Orb.
     0 | D:1      | Reached XP level 1. HP: 19/19 MP: 0/0
   114 | D:1      | Reached XP level 2. HP: 25/27 MP: 1/1
   595 | D:1      | Reached XP level 3. HP: 33/33 MP: 2/2
  1182 | D:2      | Reached XP level 4. HP: 38/40 MP: 3/3
  1187 | D:2      | Found a glowing golden altar of the Shining One.
  1241 | D:2      | Found an iron altar of Okawaru.
  1785 | D:3      | Noticed Grinder
  1801 | D:3      | Killed from afar by Grinder

Skill      XL: |  1  2  3 |
---------------+----------+-----
Shields        | 4 |  4.5
Armour         | 4 |  4.5
Fighting       | 4 |  4.4
Axes           | 3 |  3.4
Dodging        | |  0.9

Action                   |  1- 3 |  4- 6 || total
-------------------------+-------+-------++-------
Melee: War axe           |    89 |    42 ||   131
       Headbutt          |    12 |     3 ||    15
  Use: Scroll            |       |     1 ||     1
       Potion            |       |     1 ||     1
  Eat: Chunk             |       |     3 ||     3
Armor: Scale mail        |    45 |    15 ||    60
Dodge: Dodged            |    26 |    12 ||    38
Block: Shield            |    41 |    24 ||    65
